 Dungeon Sprint DCSS version 0.30-a0-279-g4b46babb21 (webtiles) character file.

Game seed: 1803420672159523994

591 rocky1 the Martial Artist (level 7, -3/54 HPs)
             Began as an Octopode Transmuter on Oct 17, 2022.
             Was an Initiate of Sif Muna.
             Slain by a human
             ... wielding a +0 dagger
              (10 damage)
             ... in the Dungeon (Sprint III: "The Ten Rune Challenge").
             The game lasted 00:04:28 (683 turns).

rocky1 the Martial Artist (Octopode Transmuter)      Turns: 683, Time: 00:04:28

Health: -3/54      AC:  7    Str:  8    XL:     7   Next: 39%
Magic:  10/17      EV: 11    Int: 17    God:    Sif Muna [......]
Gold:   13         SH:  0    Dex: 10    Spells: 8/20 levels left

rFire   x . .      SeeInvis .      - Unarmed
rCold   + + +      Faith    .    (shield currently unavailable)
rNeg    . . .      Spirit   .    (helmet currently unavailable)
rPois   +          Reflect  .    (no amulet)
rElec   .          Harm     .    (no ring)
rCorr   .          Rampage  .    (no ring)
Will    .....      NoTele   +    (no ring)
Stlth   +++.......               (no ring)
HPRegen 0.29/turn                (no ring)
MPRegen 0.15/turn                (no ring)
                                 (no ring)
                                 (no ring)

@: ice-form, unable to read
A: freezing attack, boosted hp, almost no armour, amphibious, 8 rings, large,
(camouflage 1), (gelatinous body 1), (nimble swimmer 1), (tentacles), clumsy 1,
(cold resistance 1), screaming 1, weak 1, inability to read after injury 1
a: End Transformation, Renounce Religion


You were in the Dungeon.
You worshipped Sif Muna.
Sif Muna was noncommittal.
You were a creature of crystalline ice.
You visited 1 branch You collected 13 gold pieces.

Inventory:

Scrolls
 f - 2 scrolls of immolation {unknown}
 g - a scroll of blinking
 h - 4 scrolls of identify
Potions
 a - a potion of lignification
 b - 2 potions of curing
 c - a potion of heal wounds
 d - a potion of haste
 e - 2 potions of magic
 i - 2 potions of flight {unknown}


   Skills:
 + Level 2.1 Fighting
 + Level 5.5 Dodging
 + Level 5.2 Stealth
 + Level 10.5 Unarmed Combat
 + Level 7.2 Spellcasting
 + Level 6.4 Transmutations


You had 8 spell levels left.
You knew the following spells:

 Your Spells              Type           Power      Damage    Failure   Level
a - Beastly Appendage     Tmut           56%        N/A       1%          1
b - Spider Form           Tmut/Pois      17%        N/A       9%          3
c - Ice Form              Ice/Tmut       17%        N/A       30%         4
d - Blink                 Tloc           12%        N/A       17%         2
e - Wereblood             Tmut           28%        N/A       1%          2

Your spell library contained the following spells:

 Spells                   Type           Power      Damage    Failure   Level
 Magic Dart               Conj           24%        1d4       12%         1
 Call Imp                 Summ           6%         N/A       17%         2
 Momentum Strike          Conj/Tloc      12%        3d8       17%         2
 Lesser Beckoning         Tloc           12%        N/A       34%         3
 Mephitic Cloud           Conj/Pois/Air  6%         N/A       34%         3


Dungeon Overview and Level Annotations

Branches:
Dungeon (1/1)

Altars:
Elyvilon
Kikubaaqudgha
Okawaru
Sif Muna
Trog
Uskayaw
Vehumet
Wu Jian
Zin
The Shining One


Innate Abilities, Weirdness & Mutations

You are a creature of crystalline ice.
You have a powerful freezing melee attack.
Your maximum health is increased.
Your armour is entirely melded.
You are incapable of wielding weapons or throwing items.
You cannot wear most types of armour.
You are amphibious.
You can wear up to eight rings at the same time.
((Your skin changes colour to match your surroundings (Stealth+).))
((Your rubbery body absorbs attacks. (AC +1, EV +1)))
((You are camouflaged when in or above water. (Stealth+)))
((You have tentacles for arms and can constrict up to eight enemies at once.))
You are clumsy. (Dex -2)
((Your flesh is cold resistant. (rC+)))
You occasionally shout uncontrollably at your foes.
You are weak. (Str -2)
You occasionally lose the ability to read scrolls when taking damage.


Message History

Your transformation is almost over.
b - 2 potions of curing (gained 1)
Things that are here:
a +2 long sword of holy wrath; an elf corpse
There is an open door here.
You start resting.
Your transformation has ended.
Casting: Spider Form (dangerous; 9% risk of failure)
Confirm with . or Enter, or press ? or * to list all spells.
The spell is quite dangerous to miscast (30% risk of failure)!
Continue anyway?
You turn into a creature of crystalline ice.
You open the door.
A human comes into view.
The human shouts!
You hear a shout!
Found a pair of boots.
Found five altars.
A human comes into view. It is wielding a +0 dagger.
The human shouts!
The human hits you but does no damage.
There is an open door here.
You hit the human but do no damage.
The human drinks a potion.
The human goes berserk!
The human drinks a potion.
The human seems to grow stronger.
You hit the human. You freeze the human.
The human is lightly wounded.
You punch the human! You freeze the human.
The human is severely wounded.
The human hits you! The human hits you but does no damage.
You hit the human. You freeze the human.
The human is severely wounded.
The human hits you with a +0 dagger! The human closely misses you.
You hit the human. You freeze the human.
The human is almost dead.
The human hits you with a +0 dagger! The human hits you but does no damage.
The human hits you with a +0 dagger!
You feel threatened and lose the ability to read scrolls!
* * * LOW HITPOINT WARNING * * *
You are too injured to fight recklessly!
You are too injured to fight recklessly!
You barely miss the human. The human hits you with a +0 dagger!
You die...

▓▓ ▓▓▓ .####
##.#########
....#####..#___#___#
.....#..#..#.).#p_.#
##...#..#..###'#p###+##
###..##'#..#....Y.....#
.##..###...'.⌠........#
##..####...#...######+#
##†.###....#.⌠.#
#...##.....#...#
...†#......#'###
..##.#..†..#)).#
..#####....#___# ▓▓▓
▓▓▓▓▓▓▓▓▓▓


You could see 2 humans.

Vanquished Creatures
  A deep elf pyromancer (D)
  A water elemental (D)
  A wizard (D)
  A human (D)
  A kobold demonologist (D)
  A wolf (D)
  4 rats (D)
10 creatures vanquished.

Vanquished Creatures (others)
  2 plants (D)
2 creatures vanquished.

Grand Total: 12 creatures vanquished

Notes
Turn   | Place    | Note
-------+----------+-------------------------------------------
     0 | D        | rocky1 the Octopode Transmuter began the quest for the Orb.
     0 | D        | Reached XP level 1. HP: 13/13 MP: 3/3
   101 | D        | Reached skill level 4 in Unarmed Combat
   101 | D        | Reached XP level 2. HP: 3/18 MP: 2/5
   270 | D        | Reached skill level 1 in Stealth
   270 | D        | Reached skill level 5 in Unarmed Combat
   270 | D        | Reached XP level 3. HP: 4/23 MP: 4/7
   419 | D        | Gained mutation: You are frail. (-10% HP) [potion of
                  | mutation]
   419 | D        | Gained mutation: Your skin blends seamlessly with your
                  | surroundings (Stealth++). [potion of mutation]
   423 | D        | Lost mutation: You are frail. (-10% HP) [potion of
                  | mutation]
   423 | D        | Lost mutation: Your skin blends seamlessly with your
                  | surroundings (Stealth++). [potion of mutation]
   423 | D        | Gained mutation: You are weak. (Str -2) [potion of
                  | mutation]
   423 | D        | Gained mutation: You sometimes lose your temper in combat.
                  | [potion of mutation]
   423 | D        | Gained mutation: You are partially covered in large bone
                  | plates. (SH +4) [potion of mutation]
   423 | D        | Lost mutation: You sometimes lose your temper in combat.
                  | [potion of mutation]
   424 | D        | Lost mutation: You are weak. (Str -2) [potion of mutation]
   424 | D        | Lost mutation: You are partially covered in large bone
                  | plates. (SH +4) [potion of mutation]
   424 | D        | Gained mutation: Your spells are a little harder to cast,
                  | but a little more powerful. [potion of mutation]
   425 | D        | Lost mutation: Your spells are a little harder to cast, but
                  | a little more powerful. [potion of mutation]
   425 | D        | Gained mutation: You are vulnerable to cold. (rC-) [potion
                  | of mutation]
   425 | D        | Gained mutation: Your magical capacity is low. (-10% MP)
                  | [potion of mutation]
   425 | D        | Gained mutation: One of your tentacles bears a spike.
                  | [potion of mutation]
   426 | D        | Lost mutation: One of your tentacles bears a spike. [potion
                  | of mutation]
   426 | D        | Lost mutation: Your magical capacity is low. (-10% MP)
                  | [potion of mutation]
   426 | D        | Gained mutation: You are weak. (Str -2) [potion of
                  | mutation]
   426 | D        | Gained mutation: You are somewhat resistant to further
                  | mutation. [potion of mutation]
   427 | D        | Lost mutation: You are vulnerable to cold. (rC-) [potion of
                  | mutation]
   427 | D        | Lost mutation: You are somewhat resistant to further
                  | mutation. [potion of mutation]
   427 | D        | Gained mutation: You are clumsy. (Dex -2) [potion of
                  | mutation]
   427 | D        | Gained mutation: You occasionally lose the ability to read
                  | scrolls when taking damage. [potion of mutation]
   427 | D        | Gained mutation: You occasionally shout uncontrollably at
                  | your foes. [potion of mutation]
   427 | D        | Gained mutation: Your flesh is cold resistant. (rC+)
                  | [potion of mutation]
   431 | D        | Noticed a water elemental
   442 | D        | Killed a water elemental
   443 | D        | Reached skill level 6 in Unarmed Combat
   443 | D        | Reached XP level 4. HP: 28/28 MP: 7/10
   449 | D        | Found a radiant altar of Vehumet.
   449 | D        | Found a shimmering blue altar of Sif Muna.
   449 | D        | Found an ancient bone altar of Kikubaaqudgha.
   449 | D        | Noticed a wizard
   453 | D        | Killed a wizard
   454 | D        | Reached skill level 7 in Unarmed Combat
   454 | D        | Reached XP level 5. HP: 22/33 MP: 7/11
   470 | D        | Became a worshipper of Sif Muna the Loreminder
   642 | D        | Learned a level 3 spell: Spider Form
   647 | D        | Learned a level 4 spell: Ice Form
   650 | D        | Learned a level 2 spell: Blink
   653 | D        | Learned a level 2 spell: Wereblood
   655 | D        | Found a glowing silver altar of Zin.
   655 | D        | Found a glowing golden altar of the Shining One.
   655 | D        | Found a white marble altar of Elyvilon.
   656 | D        | Noticed a deep elf pyromancer
   662 | D        | Killed a deep elf pyromancer
   663 | D        | Reached skill level 5 in Dodging
   663 | D        | Reached skill level 5 in Stealth
   663 | D        | Reached skill level 10 in Unarmed Combat
   663 | D        | Reached XP level 6. HP: 39/39 MP: 11/16
   663 | D        | Reached XP level 7. HP: 45/45 MP: 11/17
   675 | D        | Found a hide-covered altar of Uskayaw.
   675 | D        | Found an iron altar of Okawaru.
   675 | D        | Found a bloodstained altar of Trog.
   675 | D        | Found an ornate altar of the Wu Jian Council.
   675 | D        | Noticed a human
   676 | D        | Noticed a human
   683 | D        | Slain by a human

Illustrated notes

Levels and vault maps discovered:
D:        dungeon_sprint_mu [sprint_mu_entry_cave, sprint_mu_temple_rooms,
          sprint_mu_d1_spiders, sprint_mu_d2_genie, sprint_mu_d3_branching,
          sprint_mu_orc_legion, sprint_mu_elf_gauntlet, sprint_mu_hive_nellie,
          sprint_mu_lair_fedhas, sprint_mu_vaults_butterflies,
          sprint_mu_slime_circle, sprint_mu_swamp_cave, sprint_mu_snake_twists,
          sprint_mu_blade_basic, sprint_mu_crypt_fortress,
          sprint_mu_tomb_spiral, sprint_mu_vestibule_basic,
          sprint_mu_gehenna_hellfire, sprint_mu_dis_giant,
          sprint_mu_tartarus_statrot, sprint_mu_cocytus_islands, sprint_mu_zot1]

Skill      XL: |  1  2  3  4  5 |
---------------+----------------+-----
Unarmed Combat | 4 5 6 7 10 | 10.5
Stealth        | 1 2 5 |  5.2
Spellcasting   | 3 4 7 |  7.2
Transmutations | 3 4 6 |  6.4
Dodging        | 3 5 |  5.5
Fighting       | 2 |  2.1

Action                   |  1- 3 |  4- 6 |  7- 9 || total
-------------------------+-------+-------+-------++-------
Melee: Unarmed           |    19 |    15 |     6 ||    40
       Kick              |     6 |     2 |       ||     8
       Constrict         |     4 |     1 |       ||     5
       Tentacles         |     5 |     4 |       ||     9
 Cast: Beastly Appendage |     7 |     1 |       ||     8
       Spider Form       |       |     1 |       ||     1
       Ice Form          |       |       |     1 ||     1
  Use: Potion            |     7 |     1 |       ||     8
 Stab: Sleeping          |     1 |       |       ||     1
Armor: Skin              |       |       |     3 ||     3
Dodge: Dodged            |    10 |     8 |     1 ||    19

Table legend: (Time is in decaauts)
 A = Elapsed time spent in this place.
 B = Non-inter-level travel time spent in this place.
 C = Inter-level travel time spent in this place.
 D = Time resting spent in this place.
 E = Time spent auto-exploring this place.
 F = Levels seen in this place.
 G = Mean time per level.
                   A        B        C        D        E       F      G
               +--------+--------+--------+--------+--------+-----+--------+
         Total |    687 |    687 |      0 |    455 |     70 |   1 |  687.0 |
       Dungeon |    687 |    687 |      0 |    455 |     70 |   1 |  687.0 |
               +--------+--------+--------+--------+--------+-----+--------+

Top non-repeatable levels by time:
       D: 687 daAuts
